[Event "Live Chess"]
[Site "Chess.com"]
[Date "2011.01.29"]
[Round "-"]
[White "hipposcottimus"]
[Black "invidi0us"]
[Result "1-0"]
[CurrentPosition "r7/pp4Q1/1kpb4/8/4N3/1P6/1PP2PPP/R3R1K1 b - -"]
[Timezone "UTC"]
[ECO "B01"]
[ECOUrl "https://www.chess.com/openings/Scandinavian-Defense-Mieses-Kotrc-Variation-3.Nc3"]
[UTCDate "2011.01.29"]
[UTCTime "22:24:53"]
[WhiteElo "1664"]
[BlackElo "1422"]
[TimeControl "60"]
[Termination "hipposcottimus won on time"]
[StartTime "22:24:53"]
[EndDate "2011.01.29"]
[EndTime "22:26:47"]
[Link "https://www.chess.com/game/live/92752296"]

1. e4 d5 2. exd5 Qxd5 3. Nc3 Qe6+ 4. Be2 Qd6 5. d4 Nd7 6. Nf3 Nb6 7. Ne4 Qd5 8. Nc3 Qa5 9. O-O e5 10. Bd2 exd4 11. Nxd4 Qe5 12. Ndb5 Nd5 13. Re1 Nxc3 14. Nxc3 Qf6 15. Bb5+ Kd8 16. Bg5+ Bd6 17. Bxf6+ Nxf6 18. Qe2 Be6 19. Ba4 Kc8 20. Bb3 Bxb3 21. axb3 Ng4 22. Qxg4+ f5 23. Qxg7 Kd8 24. Qxh8+ Kd7 25. Qxh7+ Kc6 26. Qxf5 Kb6 27. Qe4 c6 28. Qd4+ Kc7 29. Qg7+ Kb6 30. Ne4 1-0

[Event "Live Chess"]
[Site "Chess.com"]
[Date "2011.01.29"]
[Round "-"]
[White "invidi0us"]
[Black "hipposcottimus"]
[Result "0-1"]
[CurrentPosition "2r1r3/pp3k1p/5pp1/8/5P2/8/bK2R1PP/8 w - -"]
[Timezone "UTC"]
[ECO "B12"]
[ECOUrl "https://www.chess.com/openings/Caro-Kann-Defense-2.d4-d5"]
[UTCDate "2011.01.29"]
[UTCTime "22:22:30"]
[WhiteElo "1425"]
[BlackElo "1661"]
[TimeControl "60"]
[Termination "hipposcottimus won on time"]
[StartTime "22:22:30"]
[EndDate "2011.01.29"]
[EndTime "22:24:34"]
[Link "https://www.chess.com/game/live/92751674"]

1. d4 d5 2. e4 c6 3. Bg5 dxe4 4. d5 f6 5. Bf4 cxd5 6. Bxb8 Rxb8 7. c4 e6 8. Ne2 Bb4+ 9. Nbc3 Ne7 10. cxd5 exd5 11. Nd4 Nc6 12. Nb5 d4 13. Qh5+ g6 14. Qd5 Qxd5 15. Nc7+ Kf7 16. Nxd5 dxc3 17. Nxc3 Nd4 18. O-O-O Bxc3 19. bxc3 Nf5 20. Bc4+ Be6 21. Rhe1 Bxc4 22. Rxe4 Be6 23. Rde1 Rhe8 24. f4 Rbc8 25. Kc2 Nd6 26. R4e3 Nc4 27. R3e2 Na3+ 28. Kb2 Nb5 29. Kc2 Nxc3 30. Kb2 Nxe2 31. Rxe2 Bxa2 0-1

[Event "Live Chess"]
[Site "Chess.com"]
[Date "2011.01.29"]
[Round "-"]
[White "hipposcottimus"]
[Black "invidi0us"]
[Result "1-0"]
[CurrentPosition "r1b1kbnr/ppN1pppp/2p2q2/8/5B2/P4N2/1PP1BPPP/R2QK2R b KQkq -"]
[Timezone "UTC"]
[ECO "B01"]
[ECOUrl "https://www.chess.com/openings/Scandinavian-Defense-Mieses-Kotrc-Variation-3.Nc3"]
[UTCDate "2011.01.29"]
[UTCTime "22:21:36"]
[WhiteElo "1658"]
[BlackElo "1428"]
[TimeControl "60"]
[Termination "hipposcottimus won by checkmate"]
[StartTime "22:21:36"]
[EndDate "2011.01.29"]
[EndTime "22:22:11"]
[Link "https://www.chess.com/game/live/92751438"]

1. e4 d5 2. exd5 Qxd5 3. Nc3 Qe6+ 4. Be2 Qd7 5. d4 Nc6 6. Nf3 Qd6 7. d5 Nb4 8. a3 Nxd5 9. Nxd5 c6 10. Bf4 Qf6 11. Nc7# 1-0

[Event "Live Chess"]
[Site "Chess.com"]
[Date "2011.01.29"]
[Round "-"]
[White "invidi0us"]
[Black "hipposcottimus"]
[Result "0-1"]
[CurrentPosition "8/8/8/1R2p3/3p2p1/p1NP4/5PP1/k5K1 w - -"]
[Timezone "UTC"]
[ECO "D02"]
[ECOUrl "https://www.chess.com/openings/Queens-Pawn-Opening-Zukertort-Variation-2...c6-3.Bg5"]
[UTCDate "2011.01.29"]
[UTCTime "22:19:10"]
[WhiteElo "1431"]
[BlackElo "1655"]
[TimeControl "60"]
[Termination "hipposcottimus won on time"]
[StartTime "22:19:10"]
[EndDate "2011.01.29"]
[EndTime "22:21:12"]
[Link "https://www.chess.com/game/live/92750678"]

1. d4 d5 2. Nf3 c6 3. Bg5 e6 4. Bxd8 Kxd8 5. Ne5 Bd7 6. Nxf7+ Ke7 7. Nxh8 Nf6 8. Qd3 g6 9. Qh3 Be8 10. Qh4 Bg7 11. Nxg6+ hxg6 12. e4 Nd7 13. e5 g5 14. exf6+ Bxf6 15. Qh7+ Bf7 16. Bd3 Rh8 17. Qxh8 Bxh8 18. O-O Bxd4 19. Re1 Bxb2 20. Nd2 Bxa1 21. Rxa1 Nc5 22. Re1 Nxd3 23. cxd3 Bg6 24. Re3 d4 25. Rf3 c5 26. Ne4 g4 27. Rf6 Bf5 28. Rh6 Kd7 29. h4 Kc6 30. h5 Kb5 31. Rf6 Kb4 32. h6 Ka3 33. Rf7 Kxa2 34. Rxb7 a5 35. h7 Bxh7 36. Rxh7 a4 37. Rb7 a3 38. Nxc5 e5 39. Na4 Ka1 40. Rb5 Ka2 41. Nc3+ Ka1 0-1

[Event "Live Chess"]
[Site "Chess.com"]
[Date "2011.01.29"]
[Round "-"]
[White "hipposcottimus"]
[Black "invidi0us"]
[Result "1-0"]
[CurrentPosition "r3kbr1/ppp1pQ1p/8/3R4/8/6P1/Pq5P/5RK1 b q -"]
[Timezone "UTC"]
[ECO "B01"]
[ECOUrl "https://www.chess.com/openings/Scandinavian-Defense-Mieses-Kotrc-Variation-3.Nc3"]
[UTCDate "2011.01.29"]
[UTCTime "22:16:55"]
[WhiteElo "1651"]
[BlackElo "1435"]
[TimeControl "60"]
[Termination "hipposcottimus won by checkmate"]
[StartTime "22:16:55"]
[EndDate "2011.01.29"]
[EndTime "22:18:37"]
[Link "https://www.chess.com/game/live/92750150"]

1. e4 d5 2. exd5 Qxd5 3. Nc3 Qe6+ 4. Be2 Qd7 5. d4 Nf6 6. Nf3 Qc6 7. O-O Ng4 8. d5 Qg6 9. Nh4 Qd6 10. Bxg4 g5 11. Nf5 Qf6 12. Re1 Bxf5 13. Bxf5 Qxf5 14. Be3 Rg8 15. g3 Nd7 16. f4 gxf4 17. Bxf4 Qxf4 18. Rf1 Qc4 19. Qf3 f6 20. Ne4 Qxd5 21. Nxf6+ Nxf6 22. Rad1 Qc5+ 23. Kg2 Nd5 24. Rxd5 Qxc2+ 25. Kg1 Qxb2 26. Qf7# 1-0

[Event "Live Chess"]
[Site "Chess.com"]
[Date "2011.01.29"]
[Round "-"]
[White "EminemFan"]
[Black "hipposcottimus"]
[Result "0-1"]
[CurrentPosition "6k1/p5pp/5p2/2r1pP2/6P1/5b2/PPP1N2P/3K4 w - -"]
[Timezone "UTC"]
[ECO "C20"]
[ECOUrl "https://www.chess.com/openings/Kings-Pawn-Opening-Leonardis-Variation"]
[UTCDate "2011.01.29"]
[UTCTime "22:14:42"]
[WhiteElo "1378"]
[BlackElo "1647"]
[TimeControl "60"]
[Termination "hipposcottimus won by resignation"]
[StartTime "22:14:42"]
[EndDate "2011.01.29"]
[EndTime "22:15:56"]
[Link "https://www.chess.com/game/live/92749537"]

1. e4 e5 2. d3 Nc6 3. f4 Nf6 4. f5 d5 5. g4 dxe4 6. dxe4 Nxe4 7. Bg2 Qxd1+ 8. Kxd1 Nf2+ 9. Ke2 Nxh1 10. Bxc6+ bxc6 11. Bg5 f6 12. Be3 Bb7 13. Nc3 c5 14. Bxc5 Bxc5 15. Nb5 O-O 16. Nxc7 Bd6 17. Nxa8 Bc6 18. Rd1 Bc5 19. Nc7 Rc8 20. Ne6 Nf2 21. Nxc5 Nxd1 22. Kxd1 Bf3+ 23. Ne2 Rxc5 0-1

[Event "Live Chess"]
[Site "Chess.com"]
[Date "2011.01.29"]
[Round "-"]
[White "hipposcottimus"]
[Black "manuelangel"]
[Result "1-0"]
[CurrentPosition "8/p4k2/3P4/7p/6p1/3P1p2/4pK1P/4R3 b - -"]
[Timezone "UTC"]
[ECO "B20"]
[ECOUrl "https://www.chess.com/openings/Sicilian-Defense"]
[UTCDate "2011.01.29"]
[UTCTime "22:11:45"]
[WhiteElo "1647"]
[BlackElo "1494"]
[TimeControl "60"]
[Termination "hipposcottimus won on time"]
[StartTime "22:11:45"]
[EndDate "2011.01.29"]
[EndTime "22:13:53"]
[Link "https://www.chess.com/game/live/92748725"]

1. e4 c5 2. Bb5 Nc6 3. Bxc6 bxc6 4. c4 e6 5. d3 Bb7 6. Nc3 Qb6 7. f4 Nf6 8. Nf3 Be7 9. O-O O-O 10. Qc2 d5 11. Be3 d4 12. Na4 Qc7 13. Bd2 e5 14. b4 exf4 15. Ng5 cxb4 16. Bxf4 Qc8 17. Nb2 c5 18. a3 Nh5 19. Nh3 Nxf4 20. Nxf4 Bg5 21. axb4 Qc7 22. Nd5 Bxd5 23. cxd5 Rac8 24. bxc5 Qxc5 25. Nc4 Be3+ 26. Kh1 h6 27. Rae1 g6 28. Rf3 f5 29. Rc1 fxe4 30. Nxe3 Rxf3 31. Qxc5 Rxc5 32. Rxc5 dxe3 33. Rc8+ Kf7 34. gxf3 e2 35. Rc1 exf3 36. Re1 g5 37. Kg1 g4 38. Kf2 h5 39. d6 1-0

[Event "Live Chess"]
[Site "Chess.com"]
[Date "2011.01.29"]
[Round "-"]
[White "manuelangel"]
[Black "hipposcottimus"]
[Result "0-1"]
[CurrentPosition "8/p1p1r1k1/5r2/8/4B1p1/PP1P2P1/2P2RKP/4n3 w - -"]
[Timezone "UTC"]
[ECO "C47"]
[ECOUrl "https://www.chess.com/openings/Four-Knights-Game-Italian-Variation"]
[UTCDate "2011.01.29"]
[UTCTime "22:08:52"]
[WhiteElo "1499"]
[BlackElo "1642"]
[TimeControl "60"]
[Termination "hipposcottimus won on time"]
[StartTime "22:08:52"]
[EndDate "2011.01.29"]
[EndTime "22:11:09"]
[Link "https://www.chess.com/game/live/92747929"]

1. e4 e5 2. Nf3 Nc6 3. Bc4 Nf6 4. Nc3 Bb4 5. d3 d5 6. Bb3 d4 7. Bd2 dxc3 8. Bxc3 Bd6 9. Qd2 O-O 10. Qg5 h6 11. Qg3 Nh5 12. Qh4 Qxh4 13. Nxh4 Nf4 14. O-O Be7 15. Nf3 Bd6 16. Nxe5 Bxe5 17. Bxe5 Nxe5 18. Rfe1 Neg6 19. g3 Nh3+ 20. Kg2 Ng5 21. a3 Bh3+ 22. Kg1 Nf3+ 23. Kh1 Nxe1 24. Rxe1 Ne5 25. f4 Nf3 26. Re2 g5 27. fxg5 hxg5 28. Bd5 g4 29. Bxb7 Rae8 30. Bd5 Kg7 31. Rf2 f6 32. Bc6 Re7 33. Bb7 f5 34. exf5 Rxf5 35. Be4 Rf6 36. Bd5 Rd7 37. Be4 Re7 38. b3 Bg2+ 39. Kxg2 Ne1+ 0-1

[Event "Live Chess"]
[Site "Chess.com"]
[Date "2011.01.29"]
[Round "-"]
[White "hipposcottimus"]
[Black "gwhiit"]
[Result "0-1"]
[CurrentPosition "1r1r4/1p2kppp/1nb5/3Np3/4PR2/1P6/P2nB1PP/2R3K1 b - -"]
[Timezone "UTC"]
[ECO "B12"]
[ECOUrl "https://www.chess.com/openings/Caro-Kann-Defense-Advance-Variation"]
[UTCDate "2011.01.29"]
[UTCTime "22:05:22"]
[WhiteElo "1420"]
[BlackElo "1420"]
[TimeControl "120+10"]
[Termination "gwhiit won by resignation"]
[StartTime "22:05:22"]
[EndDate "2011.01.29"]
[EndTime "22:08:14"]
[Link "https://www.chess.com/game/live/92746968"]

1. e4 c6 2. d4 d5 3. e5 e6 4. c4 c5 5. cxd5 Qxd5 6. Nf3 cxd4 7. Nxd4 Bc5 8. Nc3 Qxd4 9. Be3 Qxd1+ 10. Rxd1 Bxe3 11. fxe3 Nc6 12. Nb5 Rb8 13. Nc7+ Ke7 14. Nb5 Nxe5 15. Nxa7 Nf6 16. Nb5 Nd5 17. e4 Nb6 18. Be2 Rd8 19. Rc1 Bd7 20. Nc3 Bc6 21. O-O Nec4 22. b3 Nd2 23. Rf4 e5 24. Nd5+ 0-1

[Event "Live Chess"]
[Site "Chess.com"]
[Date "2011.01.29"]
[Round "-"]
[White "hipposcottimus"]
[Black "elagnavi"]
[Result "0-1"]
[CurrentPosition "rn1q1rk1/p1p1npbp/1p2p1p1/4P3/5P2/2NBBbN1/PPP4P/R3K1R1 w Q -"]
[Timezone "UTC"]
[ECO "B06"]
[ECOUrl "https://www.chess.com/openings/Modern-Defense-with-1-e4"]
[UTCDate "2011.01.29"]
[UTCTime "21:32:15"]
[WhiteElo "1637"]
[BlackElo "1722"]
[TimeControl "60"]
[Termination "elagnavi won on time"]
[StartTime "21:32:15"]
[EndDate "2011.01.29"]
[EndTime "21:32:44"]
[Link "https://www.chess.com/game/live/92737105"]

1. e4 g6 2. Ne2 Bg7 3. d4 e6 4. f4 b6 5. e5 Bb7 6. Ng3 d6 7. Bd3 Bxg2 8. Rg1 Bb7 9. Nc3 dxe5 10. dxe5 Ne7 11. Be3 O-O 12. Qf3 Bxf3 0-1

[Event "Live Chess"]
[Site "Chess.com"]
[Date "2011.01.29"]
[Round "-"]
[White "vahidrastak"]
[Black "hipposcottimus"]
[Result "1-0"]
[CurrentPosition "2Q2r1k/p5pp/8/4p3/3pP1r1/1P1P2P1/P4P1P/5RK1 w - -"]
[Timezone "UTC"]
[ECO "A10"]
[ECOUrl "https://www.chess.com/openings/English-Opening-Jaenisch-Gambit"]
[UTCDate "2011.01.29"]
[UTCTime "21:25:56"]
[WhiteElo "1624"]
[BlackElo "1643"]
[TimeControl "60"]
[Termination "vahidrastak won by resignation"]
[StartTime "21:25:56"]
[EndDate "2011.01.29"]
[EndTime "21:27:24"]
[Link "https://www.chess.com/game/live/92735258"]

1. c4 b5 2. cxb5 c6 3. bxc6 Nxc6 4. Nf3 e5 5. Nc3 d5 6. e4 d4 7. Nd5 Nf6 8. Bc4 Be7 9. O-O Be6 10. Nxf6+ Bxf6 11. Bxe6 fxe6 12. Qa4 Rc8 13. d3 O-O 14. Bg5 Bxg5 15. Nxg5 Qxg5 16. Rac1 Qf4 17. Rxc6 Rb8 18. b3 Rbe8 19. Qc4 Rf6 20. g3 Rg6 21. Kh1 Qf3+ 22. Kg1 Rf8 23. Rxe6 Rg4 24. Rf6+ Kh8 25. Rxf3 Rxf3 26. Qc8+ Rf8 1-0

[Event "Live Chess"]
[Site "Chess.com"]
[Date "2011.01.29"]
[Round "-"]
[White "hipposcottimus"]
[Black "vahidrastak"]
[Result "1-0"]
[CurrentPosition "8/pp5p/1kp2R2/3pP3/4b3/2R1K3/PP4rP/8 b - -"]
[Timezone "UTC"]
[ECO "C42"]
[ECOUrl "https://www.chess.com/openings/Petrovs-Defense-Urusov-Lichtenhein-Defense"]
[UTCDate "2011.01.29"]
[UTCTime "21:21:49"]
[WhiteElo "1652"]
[BlackElo "1615"]
[TimeControl "60"]
[Termination "hipposcottimus won on time"]
[StartTime "21:21:49"]
[EndDate "2011.01.29"]
[EndTime "21:23:58"]
[Link "https://www.chess.com/game/live/92734372"]

1. e4 e5 2. Nf3 Nf6 3. Bc4 Nxe4 4. Nxe5 Qe7 5. Bxf7+ Kd8 6. f4 d6 7. Ng4 Qxf7 8. O-O Bf5 9. d3 Nc5 10. d4 Ne6 11. Ne3 Nc6 12. Nc3 Ncxd4 13. Ned5 c6 14. Nb4 d5 15. Nd3 Bd6 16. Ne2 Bg6 17. Nxd4 Nxd4 18. Ne5 Bxe5 19. fxe5 Qe6 20. Qxd4 Bxc2 21. Qh4+ Qe7 22. Bg5 Qxg5 23. Qxg5+ Kc7 24. Qxg7+ Kb6 25. Rac1 Rag8 26. Qf6 Be4 27. Rc3 Rxg2+ 28. Kh1 Rf2+ 29. Kg1 Rxf6 30. Rxf6 Rg8+ 31. Kf2 Rg2+ 32. Ke3 1-0

[Event "Live Chess"]
[Site "Chess.com"]
[Date "2011.01.29"]
[Round "-"]
[White "hipposcottimus"]
[Black "necdet_aydin"]
[Result "1-0"]
[CurrentPosition "7r/p1pnkp1q/4pp2/8/8/5PNP/6P1/2B2R1K b - -"]
[Timezone "UTC"]
[ECO "B01"]
[ECOUrl "https://www.chess.com/openings/Scandinavian-Defense-Mieses-Kotrc-Main-Line-4.d4-Nf6-5.Bd2-Bg4"]
[UTCDate "2011.01.29"]
[UTCTime "21:18:42"]
[WhiteElo "1644"]
[BlackElo "1603"]
[TimeControl "60"]
[Termination "hipposcottimus won on time"]
[StartTime "21:18:42"]
[EndDate "2011.01.29"]
[EndTime "21:20:53"]
[Link "https://www.chess.com/game/live/92733573"]

1. e4 d5 2. exd5 Qxd5 3. Nc3 Qa5 4. d4 Nf6 5. Bd2 Bg4 6. f3 Bh5 7. Bd3 e6 8. Ne4 Qb6 9. Nxf6+ gxf6 10. c3 Bd6 11. Ne2 Nd7 12. O-O Qxb2 13. Rb1 Qa3 14. Rxb7 Ke7 15. Bc1 Qxa2 16. Bb5 Qd5 17. Ba6 Rhg8 18. Rb5 Qa2 19. Rxh5 Qxa6 20. Rxh7 Rh8 21. Qc2 Qa5 22. Ng3 Qd5 23. c4 Qxd4+ 24. Kh1 Rxh7 25. Qxh7 Qxc4 26. Nh5 Qh4 27. Ng3 Qxh7 28. Ne4 Bg3 29. Nxg3 Rh8 30. h3 1-0

[Event "Live Chess"]
[Site "Chess.com"]
[Date "2011.01.29"]
[Round "-"]
[White "espanarules"]
[Black "hipposcottimus"]
[Result "0-1"]
[CurrentPosition "Bnb2rk1/p1b3pp/4p3/8/2pp3N/8/PP1Q1PPq/R2N1RK1 w - -"]
[Timezone "UTC"]
[ECO "A10"]
[ECOUrl "https://www.chess.com/openings/English-Opening-Jaenisch-Gambit"]
[UTCDate "2011.01.29"]
[UTCTime "21:16:27"]
[WhiteElo "1631"]
[BlackElo "1637"]
[TimeControl "60"]
[Termination "hipposcottimus won by checkmate"]
[StartTime "21:16:27"]
[EndDate "2011.01.29"]
[EndTime "21:17:56"]
[Link "https://www.chess.com/game/live/92732997"]

1. c4 b5 2. Nc3 bxc4 3. Nf3 d5 4. d4 e6 5. e4 c6 6. e5 f6 7. Bf4 fxe5 8. Nxe5 Nf6 9. Qf3 Bb4 10. Bd2 O-O 11. Be2 Ne4 12. Qe3 Nxd2 13. Qxd2 Qf6 14. O-O c5 15. Ng4 Qf7 16. dxc5 Bxc5 17. Nd1 Qe7 18. Ne5 Qd6 19. Nf3 d4 20. Nh4 Bb6 21. Bf3 Bc7 22. Bxa8 Qxh2# 0-1

[Event "Live Chess"]
[Site "Chess.com"]
[Date "2011.01.29"]
[Round "-"]
[White "hipposcottimus"]
[Black "espanarules"]
[Result "1-0"]
[CurrentPosition "r3r1k1/5ppp/p1q5/1p6/4p3/BP6/P4N1P/5KR1 b - -"]
[Timezone "UTC"]
[ECO "B20"]
[ECOUrl "https://www.chess.com/openings/Sicilian-Defense"]
[UTCDate "2011.01.29"]
[UTCTime "21:14:20"]
[WhiteElo "1629"]
[BlackElo "1639"]
[TimeControl "60"]
[Termination "hipposcottimus won on time"]
[StartTime "21:14:20"]
[EndDate "2011.01.29"]
[EndTime "21:16:18"]
[Link "https://www.chess.com/game/live/92732368"]

1. e4 c5 2. Bb5 Qb6 3. Nc3 a6 4. Bc4 e6 5. d3 Ne7 6. f4 Nbc6 7. Nf3 Na5 8. O-O Nxc4 9. dxc4 Nc6 10. e5 Nd4 11. Nxd4 cxd4 12. Qxd4 Qxd4+ 13. Kh1 Qxc4 14. Rg1 Bc5 15. Bd2 Bxg1 16. Rxg1 O-O 17. b3 Qc7 18. Na4 b5 19. Bb4 Re8 20. Nc5 Bb7 21. c3 Qc6 22. Ba3 d6 23. Nd3 Qxc3 24. Nf2 dxe5 25. Nh3 exf4 26. Nxf4 e5 27. Nh3 Bxg2+ 28. Kxg2 Qc6+ 29. Kf1 e4 30. Nf2 1-0

[Event "Live Chess"]
[Site "Chess.com"]
[Date "2011.01.29"]
[Round "-"]
[White "RVKnight"]
[Black "hipposcottimus"]
[Result "0-1"]
[CurrentPosition "r2q3k/ppp3pp/2nb4/4p3/2B5/2P2r1P/PBP2PP1/1R2R1K1 w - -"]
[Timezone "UTC"]
[ECO "C55"]
[ECOUrl "https://www.chess.com/openings/Italian-Game-Two-Knights-Defense-4.O-O"]
[UTCDate "2011.01.29"]
[UTCTime "21:13:24"]
[WhiteElo "1526"]
[BlackElo "1620"]
[TimeControl "60"]
[Termination "hipposcottimus won by resignation"]
[StartTime "21:13:24"]
[EndDate "2011.01.29"]
[EndTime "21:14:05"]
[Link "https://www.chess.com/game/live/92732106"]

1. e4 e5 2. Nf3 Nc6 3. Bc4 Nf6 4. O-O d5 5. exd5 Nxd5 6. Nc3 Nxc3 7. bxc3 Bd6 8. Re1 O-O 9. Bb2 Bg4 10. h3 Bxf3 11. Qxf3 Kh8 12. d4 f6 13. dxe5 fxe5 14. Rab1 Rxf3 0-1

[Event "Live Chess"]
[Site "Chess.com"]
[Date "2011.01.29"]
[Round "-"]
[White "Mamzelle_Angelle"]
[Black "hipposcottimus"]
[Result "0-1"]
[CurrentPosition "6k1/1pp3pp/1p4n1/4p3/1P2PP2/P4QP1/q2rN2P/4R1K1 w - -"]
[Timezone "UTC"]
[ECO "C45"]
[ECOUrl "https://www.chess.com/openings/Scotch-Game"]
[UTCDate "2011.01.29"]
[UTCTime "21:09:47"]
[WhiteElo "1414"]
[BlackElo "1614"]
[TimeControl "60"]
[Termination "hipposcottimus won on time"]
[StartTime "21:09:47"]
[EndDate "2011.01.29"]
[EndTime "21:11:57"]
[Link "https://www.chess.com/game/live/92731110"]

1. e4 e5 2. Nf3 Nc6 3. d4 d5 4. dxe5 d4 5. c3 Bg4 6. cxd4 Bxf3 7. Qxf3 Nxd4 8. Qd3 Bc5 9. Be3 Ne7 10. Nc3 O-O 11. Be2 Ng6 12. f4 Qh4+ 13. g3 Qh3 14. Bf1 Qg4 15. Be2 Qh3 16. Bf1 Qg4 17. Be2 Qh3 18. Bf1 Qg4 19. Be2 Qh3 20. Bf1 Qe6 21. Be2 Nxe2 22. Nxe2 Bb4+ 23. Bd2 Bc5 24. Be3 Bb4+ 25. Kf2 Qh3 26. a3 Ba5 27. b4 Bb6 28. Bxb6 axb6 29. Qf3 Rad8 30. Qg2 Qe6 31. Rad1 Qa2 32. Rxd8 Rxd8 33. Qf3 Rd2 34. Re1 f6 35. Kg1 fxe5 0-1

[Event "Live Chess"]
[Site "Chess.com"]
[Date "2011.01.29"]
[Round "-"]
[White "adamkos101"]
[Black "hipposcottimus"]
[Result "1-0"]
[CurrentPosition "rn3k1r/pppR2Qp/5p2/2q5/5P2/2B2B2/PPP4P/2K1R3 b - -"]
[Timezone "UTC"]
[ECO "C31"]
[ECOUrl "https://www.chess.com/openings/Kings-Gambit-Declined-Falkbeer-Accepted-Staunton-Charousek-Gambit-4...Nf6-5.Nc3"]
[UTCDate "2011.01.29"]
[UTCTime "21:07:52"]
[WhiteElo "1843"]
[BlackElo "1610"]
[TimeControl "60"]
[Termination "adamkos101 won by checkmate"]
[StartTime "21:07:52"]
[EndDate "2011.01.29"]
[EndTime "21:09:07"]
[Link "https://www.chess.com/game/live/92730603"]

1. e4 e5 2. f4 d5 3. exd5 e4 4. Nc3 Nf6 5. d3 Bb4 6. Be2 Qxd5 7. Bd2 Bxc3 8. Bxc3 exd3 9. Qxd3 Qxg2 10. Qg3 Qd5 11. Nf3 Bg4 12. Bxf6 Bxf3 13. Bxf3 Qa5+ 14. Bc3 Qc5 15. O-O-O f6 16. Rhe1+ Kf7 17. Rd7+ Kf8 18. Qxg7# 1-0

[Event "Live Chess"]
[Site "Chess.com"]
[Date "2011.01.29"]
[Round "-"]
[White "hipposcottimus"]
[Black "adamkos101"]
[Result "0-1"]
[CurrentPosition "8/p4k1p/2n2pp1/2P5/4K1P1/7P/8/8 w - -"]
[Timezone "UTC"]
[ECO "B20"]
[ECOUrl "https://www.chess.com/openings/Sicilian-Defense"]
[UTCDate "2011.01.29"]
[UTCTime "21:05:31"]
[WhiteElo "1614"]
[BlackElo "1779"]
[TimeControl "60"]
[Termination "adamkos101 won on time"]
[StartTime "21:05:31"]
[EndDate "2011.01.29"]
[EndTime "21:07:43"]
[Link "https://www.chess.com/game/live/92729973"]

1. e4 c5 2. Bb5 Nf6 3. e5 Nd5 4. c4 Nb6 5. Nc3 Nc6 6. Bxc6 bxc6 7. d3 d5 8. Nf3 d4 9. Ne4 Bg4 10. O-O e6 11. h3 Bxf3 12. Qxf3 Nd7 13. Bg5 Be7 14. Kh2 Bxg5 15. Nxg5 Qxg5 16. Qxc6 Qxe5+ 17. Kg1 Rd8 18. Rfe1 Qf6 19. Qd6 e5 20. Qd5 O-O 21. a3 Qb6 22. b4 cxb4 23. axb4 Qxb4 24. Rab1 Qc3 25. Rbd1 Kh8 26. Qf3 f6 27. Qg4 Nc5 28. Re2 Nxd3 29. Re3 Nxf2 30. Rxc3 Nxg4 31. Rcd3 e4 32. Rxd4 Rxd4 33. Rxd4 Ne3 34. Rxe4 Nf5 35. Rf4 g6 36. g4 Nd6 37. Rd4 Rd8 38. c5 Nb7 39. Rxd8+ Nxd8 40. Kf2 Nc6 41. Ke3 Kg7 42. Ke4 Kf7 0-1

[Event "Live Chess"]
[Site "Chess.com"]
[Date "2011.01.29"]
[Round "-"]
[White "sfochris2008"]
[Black "hipposcottimus"]
[Result "0-1"]
[CurrentPosition "8/R5pp/4kp2/8/8/8/PP3PPP/1q4K1 w - -"]
[Timezone "UTC"]
[ECO "C23"]
[ECOUrl "https://www.chess.com/openings/Bishops-Opening-2...Nc6"]
[UTCDate "2011.01.29"]
[UTCTime "21:03:15"]
[WhiteElo "1585"]
[BlackElo "1621"]
[TimeControl "60"]
[Termination "hipposcottimus won by checkmate"]
[StartTime "21:03:15"]
[EndDate "2011.01.29"]
[EndTime "21:05:08"]
[Link "https://www.chess.com/game/live/92729341"]

1. e4 e5 2. Bc4 Nc6 3. c3 Nf6 4. Qb3 d5 5. exd5 Na5 6. Bb5+ c6 7. Bxc6+ bxc6 8. Qa4 Nxd5 9. d4 Nb6 10. Qc2 exd4 11. cxd4 Be7 12. Bd2 O-O 13. Bxa5 Re8 14. Bxb6 Bc5+ 15. Ne2 Bxb6 16. Nc3 Bxd4 17. Rd1 Ba6 18. O-O Bxe2 19. Nxe2 c5 20. Nxd4 cxd4 21. Qd3 Qb6 22. Qxd4 Qg6 23. Qd7 f6 24. Rd6 Rab8 25. Rfd1 Rf8 26. Qd8 Rbxd8 27. Rxd8 Rxd8 28. Rxd8+ Kf7 29. Rd7+ Ke6 30. Rxa7 Qb1# 0-1

[Event "Live Chess"]
[Site "Chess.com"]
[Date "2011.01.29"]
[Round "-"]
[White "hipposcottimus"]
[Black "rogertrimble"]
[Result "1-0"]
[CurrentPosition "4r2k/p1pq2bp/1p1p2p1/3P4/3B4/8/PP3QPP/5RK1 b - -"]
[Timezone "UTC"]
[ECO "B00"]
[ECOUrl "https://www.chess.com/openings/Owens-Defense-2.d4-Bb7"]
[UTCDate "2011.01.29"]
[UTCTime "21:00:44"]
[WhiteElo "1614"]
[BlackElo "1492"]
[TimeControl "60"]
[Termination "hipposcottimus won on time"]
[StartTime "21:00:44"]
[EndDate "2011.01.29"]
[EndTime "21:02:43"]
[Link "https://www.chess.com/game/live/92728624"]

1. e4 b6 2. d4 Bb7 3. d5 e6 4. c4 exd5 5. cxd5 Nf6 6. Nc3 Be7 7. Bc4 O-O 8. e5 Ne8 9. Nf3 f6 10. O-O fxe5 11. Nxe5 d6 12. Ng4 Bc8 13. Ne3 Bf5 14. Nxf5 Rxf5 15. Bd3 Rf8 16. Qh5 g6 17. Qg4 Bf6 18. Bh6 Bg7 19. Bg5 Qd7 20. Qg3 Be5 21. Qe3 Bg7 22. Ne4 Nf6 23. Rae1 Nxe4 24. Bxe4 Na6 25. Qd3 Rae8 26. f3 Nc5 27. Qd2 Nxe4 28. fxe4 Rxf1+ 29. Rxf1 Rxe4 30. Qf2 Re8 31. Be3 Kh8 32. Bd4 1-0